 Dungeon Crawl Stone Soup version 0.25.1-8-g42b30a86e7 (webtiles) character file.

Game seed: 7051772036349924301

1814 Destapler the Skirmisher (level 8, -8/72 (73) HPs)
             Began as a Red Draconian Fighter on Dec 14, 2020.
             Was an Elder of Nemelex Xobeh.
             Mangled by an orc warrior
             ... wielding a +0 glaive
              (25 damage)
             ... on level 6 of the Dungeon.
             The game lasted 00:21:47 (5885 turns).

Destapler the Skirmisher (Red Draconian Fighter)    Turns: 5885, Time: 00:21:49

HP:   -8/72 (73)    AC:  7    Str: 18    XL:     8   Next: 84%
MP:   8/8           EV: 13    Int:  9    God:    Nemelex Xobeh [****..]
Gold: 289           SH: 10    Dex: 13    Spells: 7/7 levels left

rFire    + . .     SeeInvis .   a - +0 trident
rCold    . . .     Gourm    .   b - +0 kite shield
rNeg     . . .     Faith    +   (armour unavailable)
rPois    .         Spirit   .   (helmet restricted)
rElec    .         Reflect  .   o - +0 cloak
rCorr    .         Harm     .   (no gloves)
MR       .....                  (no boots)
Stlth    +.........             p - amulet of faith
HPRegen  0.22/turn              (no ring)
MPRegen  0.11/turn              (no ring)

@: short of breath
A: breathe fire, unfitting armour, fire resistance 1, cold-blooded, AC +6
a: Breathe Fire, Draw Escape, Draw Destruction, Draw Summoning, Triple Draw,
Deal Four, Renounce Religion


You were on level 6 of the Dungeon.
You worshipped Nemelex Xobeh.
Nemelex Xobeh was greatly pleased with you.
You were very hungry.

You visited 1 branch of the dungeon, and saw 6 of its levels.
You also visited: Sewer.

You collected 289 gold pieces.

Inventory:

Hand Weapons
 a - a +0 trident (weapon)
 k - a +1 whip of venom
 D - the +7 scythe of the Apocalypse {elec, +Fly rF+ rC+, unknown}
   (You found it on level 5 of the Dungeon)

   Occasionally, upon striking a foe, it will discharge some electrical energy
   and cause terrible harm.
   It protects you from fire.
   It protects you from cold.
   It lets you fly.
Missiles
 h - 6 javelins
 i - 44 poisoned darts
 m - 6 atropa-tipped darts (quivered)
 B - 7 boomerangs
Armour
 b - a +0 kite shield (worn)
 o - a +0 cloak (worn)
 F - a +0 pair of boots
Jewellery
 p - an amulet of faith (around neck)
 t - an uncursed amulet of magic regeneration
Wands
 v - a wand of paralysis (4)
Scrolls
 c - 2 scrolls of blinking {unknown}
 e - 3 scrolls of identify
 j - 2 scrolls of enchant weapon {unknown}
 s - 2 scrolls of magic mapping {unknown}
 y - a scroll of teleportation {unknown}
 A - a scroll of amnesia
Potions
 f - a potion of stabbing {unknown}
 g - 2 potions of brilliance
 l - a potion of cancellation
 n - 5 potions of heal wounds
 q - 5 potions of flight
 r - 3 potions of mutation
 u - 2 potions of curing {unknown}
 w - a potion of ambrosia
 x - a potion of might
 z - a potion of haste {unknown}
 C - a potion of berserk rage {unknown}
 E - a potion of lignification
Comestibles
 d - 12 rations


   Skills:
 + Level 7.0 Fighting
 + Level 6.0 Polearms
 + Level 0.0 Throwing
 + Level 5.9 Dodging
 + Level 6.5 Shields
 + Level 0.0 Invocations
 + Level 0.0 Evocations


You had 7 spell levels left.
You didn't know any spells.
Your spell library was empty.

Dungeon Overview and Level Annotations

Branches:
Dungeon (6/15)             Temple (0/1) D:6           Sewer (visited)

Altars:
Nemelex Xobeh

Shops:
D:5 !=:   D:6 }


Innate Abilities, Weirdness & Mutations

You can breathe blasts of fire.
Your fiery red scales are hard. (AC +6)
You cannot fit into any form of body armour.
Your flesh is heat resistant. (rF+)
You are cold-blooded and may be slowed by cold attacks.


Message History

You see here a pair of boots.
The crimson imp picks up a beetle and eats it.
Keep equipping yourself?
You start putting on your armour.
You continue putting on your pair of boots.
The gnoll sergeant shouts!
You hear a shout!
The orc warrior hits you from afar with a +0 glaive!
* * * LOW HITPOINT WARNING * * *
The crimson imp hits you.
* * * LOW HITPOINT WARNING * * *
The wight closely misses you.
You continue putting on your pair of boots.
The gnoll shouts! x2
The crimson imp blinks!
The orc warrior closely misses you.
You continue putting on your pair of boots.
You are feeling very hungry.
The wight misses you.
The orc warrior hits you from afar with a +0 glaive!!
You die...
Your body glows with a rainbow of weird colours and disappears.

......# .....># ..
'###..# g z.##
...#..####'####g.
...#....# ...... #
...#....#......g. .#
...#....##..##.S# #'#
...#######..##.z##..#
...'............@§5.# .
...#....##..##......# ...
...#'#####..##♣o#####....
.........#..##..###......
.........'...♣∩♣..').....
.........#.......)#......
.........#####♣#### .....
........... ####
#########...


You could see an orc warrior, a gnoll sergeant, 2 wights, 2 gnolls, a crimson
imp and an adder.

Vanquished Creatures
  A troll (D:6)
  Sigmund (D:2)
  2 slaves (D:4)
  A necrophage (D:6)
  A big kobold (Sewer)
  4 scorpions
  A howler monkey (D:6)
  A hound (D:4)
  Crazy Yiuf (D:2)
  4 orc priests
  An orc wizard (D:3)
  An iguana (D:4)
  Ijyb (D:5)
  Terence (D:2)
  4 worker ants
  A killer bee zombie (D:6)
  A hound zombie (D:6)
  11 adders
  2 river rats (Sewer)
  A shadow imp (D:5)
  An adder skeleton (D:6)
  2 worms
  2 dart slugs
  4 leopard geckos
  10 orcs
  2 ball pythons
  9 giant cockroaches
  9 goblins
  8 hobgoblins
  10 jackals
  5 quokkas
  10 bats
  2 frilled lizards
  A jackal zombie (D:6)
  7 kobolds
  9 rats
132 creatures vanquished.

Vanquished Creatures (collateral kills)
  Pikel (D:4)
  2 slaves (D:4)
3 creatures vanquished.

Grand Total: 135 creatures vanquished

Notes
Turn   | Place    | Note
-------+----------+-------------------------------------------
     0 | D:1      | Destapler the Draconian Fighter began the quest for the
                  | Orb.
     0 | D:1      | Reached XP level 1. HP: 19/19 MP: 1/1
   240 | D:1      | Reached XP level 2. HP: 26/26 MP: 2/2
   536 | D:2      | Noticed Terence
   842 | D:2      | Killed Terence
   842 | D:2      | Reached XP level 3. HP: 15/33 MP: 3/3
  1186 | D:2      | Reached XP level 4. HP: 30/40 MP: 4/4
  1360 | D:2      | Noticed Sigmund
  1376 | D:2      | Reached skill level 4 in Fighting
  1378 | D:2      | Killed Sigmund
  1378 | D:2      | Reached XP level 5. HP: 15/47 MP: 5/5
  1629 | D:2      | Found a faded altar of an unknown god.
  1644 | D:2      | Became a worshipper of Nemelex Xobeh the Trickster
  1644 | D:2      | Received a gift from Nemelex Xobeh
  1644 | D:2      | Reached * piety under Nemelex Xobeh
  1931 | D:2      | Found a runed translucent door.
  1932 | D:2      | Noticed Crazy Yiuf
  1942 | D:2      | Killed Crazy Yiuf
  1942 | D:2      | Reached XP level 6. HP: 37/53 MP: 6/6
  2423 | D:3      | Reached ** piety under Nemelex Xobeh
  2589 | D:3      | Found a glowing drain.
  2618 | Sewer    | Entered a sewer
  2820 | Sewer    | Reached skill level 5 in Fighting
  2917 | Sewer    | Found a white marble altar of Elyvilon.
  3015 | D:3      | Received a gift from Nemelex Xobeh
  3301 | D:4      | Your scales start taking on a fiery red colour.
  3301 | D:4      | Reached XP level 7. HP: 59/61 MP: 7/7
  3301 | D:4      | Gained mutation: Your flesh is heat resistant. (rF+) [Red
                  | Draconian growth]
  3551 | D:4      | Received a gift from Nemelex Xobeh
  3771 | D:4      | Noticed Pikel
  3783 | D:4      | Killed Pikel
  3783 | D:4      | Reached skill level 5 in Shields
  3875 | D:4      | Reached *** piety under Nemelex Xobeh
  3955 | D:4      | Reached skill level 5 in Dodging
  3955 | D:4      | Reached XP level 8. HP: 57/70 MP: 8/8
  3978 | D:4      | Reached skill level 6 in Fighting
  3978 | D:4      | Reached skill level 5 in Polearms
  4357 | D:5      | Entered Level 5 of the Dungeon
  4357 | D:5      | Received a gift from Nemelex Xobeh
  4611 | D:5      | Found Niesub's Distillery.
  4642 | D:5      | Received a gift from Nemelex Xobeh
  4657 | D:5      | Got a crystal scythe
  4723 | D:5      | Noticed Ijyb
  4727 | D:5      | Killed Ijyb
  4853 | D:5      | Found Qekkiorul's Jewellery Shop.
  4901 | D:5      | Found Nuacimya's Book Boutique.
  5242 | D:6      | Reached **** piety under Nemelex Xobeh
  5269 | D:6      | Found a staircase to the Ecumenical Temple.
  5286 | D:6      | Noticed a troll
  5290 | D:6      | Killed a troll
  5299 | D:6      | Reached skill level 7 in Fighting
  5494 | D:6      | Received a gift from Nemelex Xobeh
  5855 | D:6      | Found Keziduor's Gadget Shop.
  5861 | D:6      | Received a gift from Nemelex Xobeh
  5885 | D:6      | Mangled by an orc warrior

Illustrated notes

Levels and vault maps discovered:
D:1:      wander_arrival_peaceful_grave, layout_basic
D:2:      layout_loops_ring, chequers_ecumenical_altar_island,
          minmay_misc_feat_cross, uniq_sigmund, uniq_crazy_yiuf_cottage,
          uniq_terence
D:3:      layout_basic, gup_sewer_entry_pipe, minmay_vboxes
D:4:      minmay_chambers_of_fours, layout_loops_ring, roderic_lattice_a,
          uniq_pikel
D:5:      layout_cave_pools, first_ration, serial_shops, kennysheep_little_box,
          nicolae_shop_waterfront, shop, hangedman_decor_slide_cut, uniq_ijyb
D:6:      layout_gridville, minmay_temple_entry_waves, serial_shops,
          nicolae_shop_trees, hangedman_decor_diamond_cutter, fedhas_altar_4,
          uniq_blork_the_orc

Skill      XL: |  1  2  3  4  5  6  7  8 |
---------------+-------------------------+-----
Dodging        | 3 4 5 |  5.9
Fighting       | 4 5 7 |  7.0
Polearms       | 3 4 6 |  6.0
Shields        | 4 5 6 |  6.5

Action                   |  1- 3 |  4- 6 |  7- 9 || total
-------------------------+-------+-------+-------++-------
Melee: Trident           |    68 |   204 |   235 ||   507
       Tailslap          |    10 |    12 |    26 ||    48
Throw: Dart              |       |     4 |     6 ||    10
Invok: Draw Destruction  |       |       |     9 ||     9
       Draw Summoning    |       |       |     1 ||     1
 Abil: Breathe Fire      |       |       |     2 ||     2
  Use: Potion            |       |     2 |       ||     2
       Scroll            |       |     4 |     7 ||    11
 Stab: Sleeping          |     1 |     1 |     4 ||     6
       Distracted        |       |       |     1 ||     1
  Eat: Chunk             |     1 |     7 |     8 ||    16
Armor: Skin              |    19 |    77 |    43 ||   139
Dodge: Dodged            |    22 |    63 |   102 ||   187
Block: Kite shield       |    28 |    97 |   110 ||   235
